 Dungeon Sprint DCSS version 0.18.1-6-gd335043 (webtiles) character file.

20654 Groucho the Timeless (level 12, -23/122 HPs)
             Began as a Naga Fighter on May 15, 2016.
             Was a High Priest of Cheibriados.
             Killed from afar by a fire giant (33 damage)
             ... with a fireball
             ... in the Dungeon (Sprint IX: "|||||||||||||||||||||||||||||").
             The game lasted 00:09:59 (3425 turns).

Groucho the Timeless (Naga Fighter)                 Turns: 3425, Time: 00:09:59

Health: -23/122    AC: 20    Str: 36    XL:     12   Next: 81%
Magic:  3/28       EV: 18    Int: 23    God:    Cheibriados [*****.]
Gold:   887        SH: 15    Dex: 29    Spells: 0 memorised, 36 levels left

rFire  . . .     SeeInvis +     o - +6 scimitar (flame)
rCold  . . .     Gourm    .     D - +2 plate armour {rPois}
rNeg   . . .     Faith    .     c - +0 shield
rPois  +         Spirit   .     y - +0 helmet
rElec  .         Dismiss  .     b - +0 cloak
rCorr  .         Reflect  .     d - +1 pair of gloves
SustAt .         Harm     .     (no barding)
MR     +....     NoTele   +     (no amulet)
Stlth  ..........               s - +3 ring of dexterity
                                r - +2 ring of evasion

@: very slow, somewhat resistant to hostile enchantments, extremely unstealthy
A: see invisible, deformed body, poison resistance, slowness 2, slow metabolism
1, spit poison 2, AC +4
a: Spit Poison, Bend Time, Temporal Distortion, Slouch, Step From Time, Renounce
Religion


You were in the Dungeon.
You worshipped Cheibriados.
Cheibriados was extremely pleased with you.
You were not hungry.

You visited 1 branch You collected 1900 gold pieces.
You spent 1013 gold pieces at shops.

Inventory:

Hand Weapons
 o - a +6 scimitar of flaming (weapon)
Armour
 b - a +0 cloak (worn)
 c - a +0 shield (worn)
 d - a +1 pair of gloves (worn)
 q - a +2 ring mail of cold resistance
 y - a +0 helmet (worn)
 D - a +2 plate armour of poison resistance (worn)
 G - a +1 cloak
 H - a +1 cloak
Jewellery
 r - a +2 ring of evasion (left hand)
 s - a +3 ring of dexterity (right hand)
 E - an uncursed ring of protection from cold
 F - an uncursed ring of protection from magic
Wands
 n - a wand of iceblast (6/15)
Scrolls
 k - a scroll of blinking
 l - 5 scrolls of remove curse
 m - 2 scrolls of amnesia
 p - 4 scrolls of recharging
 t - 3 scrolls of fear
 u - a scroll of identify
 z - 4 scrolls of enchant armour
 A - 2 scrolls of enchant weapon
 B - a scroll of magic mapping
 C - a scroll of immolation
Potions
 a - a potion of agility
 e - 8 potions of curing
 f - a potion of ambrosia
 g - a potion of heal wounds
 h - a potion of invisibility
 i - 4 potions of magic
 j - 3 potions of berserk rage
Comestibles
 v - 40 fruits
 w - 12 bread rations
 x - 11 meat rations


   Skills:
 * Level 11.8 Fighting
 * Level 11.6 Long Blades
 * Level 10.1 Armour
 * Level 9.7 Dodging
 * Level 10.1 Shields
 * Level 12.6 Spellcasting
 + Level 13.7 Invocations
 - Level 10.0 Evocations


You had 36 spell levels left.
You didn't know any spells.

Dungeon Overview and Level Annotations

Branches:
Dungeon (1/1)

Altars:
Cheibriados
Dithmenos
Elyvilon
Fedhas
Gozag
Kikubaaqudgha
Makhleb
Nemelex Xobeh
Okawaru
Pakellas
Qazlal
Ru
Sif Muna
Trog
Vehumet
Xom
Yredelemnul
Zin
The Shining One
Beogh
Jiyva
Lugonu

Shops:
D [(??


Innate Abilities, Weirdness & Mutations

You cannot wear boots.
Your serpentine skin is tough (AC +4).
You have supernaturally acute eyesight.
Armour fits poorly on your strangely shaped body.
Your system is resistant to poisons.
You cover ground very slowly.
You have a slow metabolism.
You can spit poison.


Message History

The fire giant hits you with a great sword of flaming.
The fire giant burns you.
The fire giant hits you with a great sword of flaming!!
* * * LOW HITPOINT WARNING * * *
The fire giant burns you!
* * * LOW HITPOINT WARNING * * *
You block the fire giant's attack.
You see here a +1 pair of boots.
You slash the fire giant!
The fire giant is almost dead.
You barely miss the fire giant.
The fire giant is almost dead.
You block the fire giant's attack.
You hit the fire giant but do no damage.
The fire giant is almost dead.
You barely miss the fire giant.
The fire giant is almost dead.
The fire giant gestures at you while chanting.
The fireball explodes!
The fireball engulfs you!
You die...

▓_▓.▓.▓.▓.▓.▓)▓
▓_▓.▓.▓.▓.▓.▓.▓
▓_▓.▓.▓.▓.▓.▓[▓
▓_▓.▓.▓.▓.▓.▓.▓
▓_▓.▓.▓.▓.▓.▓[▓
▓_▓.▓.▓.▓'▓.▓[▓
▓_▓.▓.▓.▓)▓.▓.▓
▓_▓.▓.▓.▓)▓.▓[▓
▓_▓.▓.▓.▓)▓.▓@▓
▓_▓.▓'▓.▓.▓.▓C▓
▓_▓.▓÷▓.▓)▓.▓.▓
▓_▓.▓.▓.▓)▓.▓.▓
▓_▓.▓.▓.▓)▓)▓.▓
▓_▓.▓.▓.▓.▓.▓.▓
▓_▓.▓.▓.▓.▓.▓.▓
▓_▓.▓.▓.▓.▓.▓.▓
▓_▓.▓.▓.▓.▓.▓.▓


You could see a fire giant.

Vanquished Creatures
  An ettin (D)
  Josephine (D)
  An ice dragon (D)
  2 hydras (D)
  Erolcha (D)
  2 centaur warriors (D)
  5 death yaks (D)
  2 orc high priests (D)
  6 orc knights (D)
  2 griffons (D)
  An orc sorcerer (D)
  A manticore (D)
  2 ugly things (D)
  A black mamba (D)
  Joseph (D)
  An elephant (D)
  A spiny frog (D)
  A gargoyle (D)
  2 komodo dragons (D)
  A slime creature (D)
  4 wraiths (D)
  A shadow (D)
  4 yaks (D)
  A hippogriff (D)
  A water moccasin (D)
  A porcupine (D)
  9 orc warriors (D)
  A black bear (shapeshifter) (D)
  An eye of draining (D)
  A centaur (D)
  2 ogres (D)
  A wolf (D)
  3 crocodiles (D)
  2 giant frogs (D)
  A killer bee (D)
  A crimson imp (D)
  2 hounds (D)
  A jelly (D)
  An orc priest (D)
  2 orc wizards (D)
  A worker ant (D)
  A river rat (D)
  An adder (D)
  An adder skeleton (D)
  19 orcs (D)
  2 bats (D)
  A bat zombie (D)
  A hobgoblin (D)
  A quokka (D)
  A ball python skeleton (D)
  A quokka skeleton (D)
  2 rats (D)
107 creatures vanquished.

Vanquished Creatures (others)
  A spatial maelstrom (D)
1 creature vanquished.

Grand Total: 108 creatures vanquished

Notes
Turn   | Place    | Note
--------------------------------------------------------------
     0 | D        | Groucho the Naga Fighter began the quest for the Orb.
     0 | D        | Reached XP level 1. HP: 21/21 MP: 1/1
    10 | D        | Banished a spatial maelstrom
   147 | D        | Noticed a jelly
   157 | D        | Reached skill level 1 in Dodging
   157 | D        | Reached XP level 2. HP: 23/28 MP: 2/2
   159 | D        | Reached skill level 1 in Spellcasting
   159 | D        | Reached XP level 3. HP: 26/36 MP: 2/4
   481 | D        | Found a glowing silver altar of Zin.
   481 | D        | Found a glowing golden altar of the Shining One.
   481 | D        | Found an ancient bone altar of Kikubaaqudgha.
   481 | D        | Found a basalt altar of Yredelemnul.
   481 | D        | Found a shimmering altar of Xom.
   481 | D        | Found a radiant altar of Vehumet.
   482 | D        | Found an iron altar of Okawaru.
   483 | D        | Found a burning altar of Makhleb.
   484 | D        | Found a deep blue altar of Sif Muna.
   485 | D        | Found a bloodstained altar of Trog.
   486 | D        | Found a sparkling altar of Nemelex Xobeh.
   487 | D        | Found a white marble altar of Elyvilon.
   488 | D        | Found a roughly hewn altar of Beogh.
   489 | D        | Found a viscous altar of Jiyva.
   490 | D        | Found a corrupted altar of Lugonu.
   491 | D        | Found a blossoming altar of Fedhas.
   492 | D        | Found a snail-covered altar of Cheibriados.
   493 | D        | Found a shadowy altar of Dithmenos.
   494 | D        | Found a stormy altar of Qazlal.
   495 | D        | Found an opulent altar of Gozag.
   496 | D        | Found a sacrificial altar of Ru.
   497 | D        | Found an oddly glowing altar of Pakellas.
   500 | D        | Became a worshipper of Cheibriados the Contemplative
   541 | D        | Noticed an orc warrior
   541 | D        | Noticed a killer bee
   541 | D        | Noticed an ogre
   541 | D        | Noticed a centaur
   550 | D        | Killed an orc warrior
   550 | D        | Reached skill level 3 in Invocations
   550 | D        | Reached skill level 1 in Evocations
   550 | D        | Reached XP level 4. HP: 14/45 MP: 4/8
   550 | D        | Reached XP level 5. HP: 16/51 MP: 4/9
   555 | D        | Reached * piety under Cheibriados
   555 | D        | Reached skill level 5 in Fighting
   562 | D        | Killed an ogre
   562 | D        | Reached skill level 4 in Invocations
   562 | D        | Reached XP level 6. HP: 18/61 MP: 5/12
   563 | D        | Reached ** piety under Cheibriados
   565 | D        | Reached skill level 5 in Long Blades
   565 | D        | Reached skill level 5 in Invocations
   570 | D        | Reached *** piety under Cheibriados
   570 | D        | Reached skill level 5 in Spellcasting
   855 | D        | Noticed a hippogriff
   855 | D        | Noticed a centaur warrior
   855 | D        | Noticed a manticore
   859 | D        | Killed a hippogriff
   859 | D        | Reached skill level 5 in Armour
   859 | D        | Reached skill level 5 in Shields
   859 | D        | Reached skill level 6 in Invocations
   859 | D        | Reached XP level 7. HP: 57/69 MP: 13/15
   869 | D        | Killed a centaur warrior
   869 | D        | Reached **** piety under Cheibriados
   869 | D        | Reached skill level 8 in Invocations
   869 | D        | Reached skill level 5 in Evocations
   869 | D        | Reached XP level 8. HP: 30/78 MP: 14/18
   870 | D        | Reached skill level 5 in Dodging
   872 | D        | Killed a manticore
   872 | D        | Reached XP level 9. HP: 20/86 MP: 5/20
  1347 | D        | Noticed a komodo dragon
  1347 | D        | Noticed a spiny frog
  1347 | D        | Noticed a komodo dragon
  1354 | D        | Reached skill level 9 in Invocations
  1354 | D        | Reached ***** piety under Cheibriados
  1355 | D        | Killed a komodo dragon
  1355 | D        | Killed a spiny frog
  1355 | D        | Killed a komodo dragon
  1355 | D        | Reached skill level 10 in Invocations
  1356 | D        | Noticed a black mamba
  1362 | D        | Killed a black mamba
  1883 | D        | Noticed a seven-headed hydra
  1883 | D        | Noticed a seven-headed hydra
  1883 | D        | Noticed a griffon
  1883 | D        | Noticed an elephant
  1889 | D        | Killed a three-headed hydra
  1889 | D        | Reached XP level 10. HP: 53/98 MP: 23/23
  1897 | D        | Killed a three-headed hydra
  1897 | D        | Reached ****** piety under Cheibriados
  1897 | D        | Reached skill level 11 in Invocations
  1902 | D        | Killed a griffon
  1902 | D        | Reached skill level 10 in Spellcasting
  1902 | D        | Killed an elephant
  2258 | D        | Noticed a death yak
  2258 | D        | Noticed a death yak
  2258 | D        | Noticed a death yak
  2262 | D        | Noticed a death yak
  2271 | D        | Killed a death yak
  2271 | D        | Reached skill level 12 in Invocations
  2271 | D        | Reached XP level 11. HP: 74/106 MP: 19/25
  2272 | D        | Killed a death yak
  2272 | D        | Killed a death yak
  2272 | D        | Killed a death yak
  2383 | D        | Noticed a death yak
  2393 | D        | Killed a death yak
  2688 | D        | Noticed Josephine
  2701 | D        | Killed Josephine
  2701 | D        | Reached skill level 10 in Fighting
  2701 | D        | Reached skill level 13 in Invocations
  2900 | D        | Reached skill level 10 in Long Blades
  2944 | D        | Noticed an orc knight
  2944 | D        | Noticed an orc knight
  2944 | D        | Noticed an orc high priest
  2944 | D        | Noticed an orc knight
  2947 | D        | Killed an orc high priest
  2951 | D        | Killed an orc knight
  2953 | D        | Killed an orc knight
  2955 | D        | Killed an orc knight
  2955 | D        | Reached XP level 12. HP: 100/118 MP: 18/27
  3089 | D        | Found Qoliqui's Armour Emporium.
  3089 | D        | Noticed an orc high priest
  3102 | D        | Killed an orc high priest
  3103 | D        | Found Ulonis's Weapon Shoppe.
  3107 | D        | Found Siuqaaw's Magic Scroll Emporium.
  3110 | D        | Found Puluax's Magic Scroll Shoppe.
  3151 | D        | Bought 3 scrolls of enchant armour for 292 gold pieces
  3153 | D        | Bought a scroll of enchant weapon for 82 gold pieces
  3153 | D        | Bought a scroll of magic mapping for 38 gold pieces
  3153 | D        | Bought a scroll of immolation for 38 gold pieces
  3153 | D        | Bought a scroll of enchant armour for 82 gold pieces
  3159 | D        | Bought a +2 plate armour of poison resistance for 481 gold pieces
  3216 | D        | Noticed Joseph
  3223 | D        | Killed Joseph
  3230 | D        | Noticed Erolcha
  3235 | D        | Killed Erolcha
  3333 | D        | Upgraded the game from 0.18.1-5-g4a78601 to 0.18.1-6-gd335043
  3345 | D        | Noticed an ice dragon
  3361 | D        | Noticed a centaur warrior
  3363 | D        | Killed an ice dragon
  3365 | D        | Noticed an ettin
  3366 | D        | Killed a centaur warrior
  3366 | D        | Reached skill level 10 in Evocations
  3369 | D        | Reached skill level 10 in Shields
  3374 | D        | Reached skill level 10 in Armour
  3376 | D        | HP: 1/121 [ettin/dire flail (32)]
  3380 | D        | Killed an ettin
  3403 | D        | Noticed a fire giant
  3425 | D        | Killed from afar by a fire giant

Skill      XL: |  1  2  3  4  5  6  7  8  9 10 11 12 |
---------------+-------------------------------------+-----
Dodging        | 1 2 3 4 5 6 7 8 9 |  9.7
Fighting       | 4 5 6 7 8 9 10 11 | 11.8
Long Blades    | 3 4 5 6 8 10 11 | 11.6
Armour         | 3 4 5 6 7 8 10 | 10.1
Shields        | 3 4 5 6 7 9 10 | 10.1
Spellcasting   | 1 3 4 5 7 9 10 11 12 | 12.6
Invocations    | 3 4 6 8 10 12 13 | 13.7
Evocations     | 1 2 4 5 7 8 9 10 | 10.0

Action                   |  1- 3 |  4- 6 |  7- 9 | 10-12 || total
-------------------------+-------+-------+-------+-------++-------
Melee: Long sword        |    48 |       |       |       ||    48
       Scimitar          |     9 |    19 |    31 |   176 ||   235
Invok: Slouch            |       |       |     5 |    20 ||    25
       Temporal Distorti |       |       |       |     2 ||     2
Evoke: Wand              |       |       |       |     1 ||     1
  Use: Potion            |     1 |     4 |       |     4 ||     9
       Scroll            |       |       |     1 |     4 ||     5
  Eat: Bread ration      |       |       |     1 |       ||     1
       Meat ration       |       |       |       |     1 ||     1
Armor: Scale mail        |     8 |       |       |       ||     8
       Ring mail         |       |     1 |    12 |    14 ||    27
       Plate armour      |       |       |       |     8 ||     8
Dodge: Dodged            |    11 |    14 |    14 |    77 ||   116
Block: Shield            |    23 |    15 |    24 |   101 ||   163
